AoeStats
← DarkKnight95604

Mountain Pass

517841506Analyzed
2v2 RM · 6d ago on Nov 1, 2026· 36m 26s· 4 players
Game mode
Random Map
Map size
Medium (4 player)
Population
200
Speed
Normal
Resources
Standard
Victory
Conquest
Starting age
Dark Age
Ending age
Imperial Age
RankedLock teamsTeams togetherTeam positionsShared explorationLock speedFull tech treeHidden civsTurbo modeCheats
Victory
Defeat
🇺🇸 Byzantines · United States
910
+16
🇺🇸 Varangians · United States
901
+17
vs
🇲🇽 Franks · Mexico
965
-19
🇲🇽 Bulgarians · Mexico
861
-14
Iceman7
7:44 Loom
15:05 Feudal Age
21:27 Castle Age
20:34 Forging
20:30 Scale Barding Armor
20:27 Scale Mail Armor
21:18 Double-Bit Axe
29:15 Bloodlines
29:07 Husbandry
pdj42
4:35 Loom
16:57 Feudal Age
17:24 Double-Bit Axe
17:22 Horse Collar
25:27 Fletching
32:03 Wheelbarrow
32:11 Gold Mining
34:04 Padded Archer Armor
37:57 Castle Age
35:54 Stone Mining
DarkKnight95604
3:11 Loom
14:36 Feudal Age
16:51 Horse Collar
19:05 Double-Bit Axe
21:39 Gold Mining
21:44 Stone Mining
27:06 Castle Age
26:45 Bloodlines
28:00 Pikeman
28:55 Husbandry
32:10 Forging
32:00 Scale Mail Armor
32:06 Scale Barding Armor
34:05 Iron Casting
35:26 Chain Mail Armor
36:12 Bow Saw
36:04 Heavy Plow
36:17 Town Watch
CHAMPARINI
15:00 Feudal Age
13:17 Loom
15:21 Man-at-Arms
16:46 Arson
24:39 Castle Age
23:52 Double-Bit Axe
24:50 Long Swordsman
26:13 Gambesons
27:39 Pikeman
Connection lost

Rejoining the realm…

Still unreachable

The connection could not be restored.

Session expired

The server has moved on; the page needs a fresh start.